Construct Section Command Post
Selects Heavy Armor Battlegroup
Construct Platoon Command Post
Selects Rigorous Vehicle Training
Selects Forward Repair Assembly
Construct Field Infirmary
6-pounder Anti-tank Gun Team
Construct Company Command Post
6-pounder Anti-tank Gun Team
Selects Churchill Black Prince Heavy Tank
Selects Churchill Black Prince Heavy Tank
Selects Light Vehicle Withdraw and Refit
Churchill Black Prince Heavy Tank
6-pounder Anti-tank Gun Team
Unlock M3 Grant Medium Tanks